 Dungeon Crawl Stone Soup version 0.30-a0-779-g7971cf19c3 (webtiles) character file.

Game seed: 2838938923727266130

2955 DEFE the Demonspawn-At-Arms (level 9, -2/61 HPs)
             Began as a Demonspawn Wanderer on Feb 17, 2023.
             Was a Believer of Okawaru.
             Slain by an orc knight
             ... wielding a +0 halberd
              (8 damage)
             ... in a bailey.
             The game lasted 00:11:13 (7379 turns).

DEFE the Demonspawn-At-Arms (Demonspawn Wanderer)   Turns: 7379, Time: 00:11:13

Health: -2/61      AC: 14    Str: 20    XL:     9   Next: 52%
Magic:  16/17      EV: 12    Int: 14    God:    Okawaru [**....]
Gold:   370        SH:  5    Dex: 11    Spells: 9/10 levels left

rFire   . . .      SeeInvis .    K - +2 broad axe (heavy)
rCold   . . .      Faith    .    b - +0 buckler
rNeg    . . .      Spirit   .    u - +0 chain mail
rPois   .          Reflect  .    (no helmet)
rElec   .          Harm     .    (no cloak)
rCorr   .          Rampage  .    (no gloves)
Will    .....                    c - +1 pair of boots
Stlth   ++                       (no amulet)
HPRegen 1.90/turn                (no ring)
MPRegen 0.15/turn                (no ring)

@: heroic
A: foul stench 1, sturdy frame 3, demonic touch 1, regeneration 2, strong 1
a: Renounce Religion, Heroism


You were in a bailey.
You worshipped Okawaru.
Okawaru was pleased with you.
You visited 1 branch of the dungeon, and saw 9 of its levels.
You also visited: Bailey.

You collected 370 gold pieces.

Inventory:

Hand Weapons
 a - a +0 hand axe
 e - a +0 morningstar
 k - a +0 dagger of venom
 s - a +4 short sword
 w - a +0 war axe
 K - a +2 heavy broad axe (weapon)
Missiles
 E - a throwing net
Armour
 b - a +0 buckler (worn)
 c - a +1 pair of boots (worn)
 d - a +0 robe
 o - a +0 scale mail
 u - a +0 chain mail (worn)
 D - +0 steam dragon scales
Wands
 t - a wand of digging (7)
 F - a wand of quicksilver (1)
Scrolls
 h - 4 scrolls of vulnerability
 j - 3 scrolls of fog
 l - 2 scrolls of teleportation
 m - 2 scrolls of enchant weapon {unknown}
 p - a scroll of amnesia {unknown}
 q - 3 scrolls of identify
 r - a scroll of noise
 v - 2 scrolls of silence {unknown}
 x - a scroll of blinking
 y - a scroll of fear {unknown}
 C - a scroll of immolation {unknown}
 J - 2 scrolls of poison {unknown}
Potions
 f - 2 potions of brilliance
 g - a potion of cancellation {unknown}
 i - 2 potions of might {unknown}
 n - 4 potions of mutation
 z - a potion of haste {unknown}
 A - a potion of magic {unknown}
 B - a potion of attraction
 G - a potion of lignification {unknown}
 H - a potion of heal wounds {unknown}
 I - a potion of flight {unknown}


   Skills:
 - Level 2.0(7.0) Fighting
 - Level 6.2(11.2) Axes
 + Level 7.0(12.0) Armour
 - Level 1.0(6.0) Dodging
 - Level 1.7(6.7) Shields
 - Level 1.0 Spellcasting
 - Level 2.0 Poison Magic
 + Level 10.9 Invocations


You had 9 spell levels left.
You knew the following spells:

 Your Spells              Type           Power      Damage    Failure   Level
a - Sting                 Tmut/Pois      12%        1d3       38%         1

Your spell library contained the following spells:

 Spells                   Type           Power      Damage    Failure   Level
 Poisonous Vapours        Pois/Air       6%         N/A       54%         2
 Olgreb's Toxic Radiance  Pois           6%         N/A       95%         4
 Passage of Golubria      Tloc           0%         N/A       99%         4
 Yara's Violent Unravell  Hex/Tmut       0%         3d3       100%        5
 Tukima's Dance           Hex            Unusable   N/A       N/A         3

Dungeon Overview and Level Annotations

Branches:
Dungeon (9/15)             Temple (0/1) D:6          Bailey (1/1)
   Lair: D:8-11         Orc: D:9-12

Altars:
Ashenzari
Gozag
Kikubaaqudgha
Okawaru
Uskayaw
Yredelemnul

Annotations:
D:3 1 runed translucent door, temitten's ghost, amateur SpEn
D:9 Amaemon Bailey 2 runed translucent doors


Innate Abilities, Weirdness & Mutations

You may rarely emit foul miasma when damaged in melee.
Your movements are significantly less encumbered by armour. (ER -6)
Your touch may inflict minor irresistible damage on your foes.
You heal very quickly.
Your muscles are strong. (Str +4, Int/Dex -1)


Message History

The orc warrior goes into a battle-frenzy!
You gain the combat prowess of a mighty hero.
The orc warrior hits you with a +0 halberd!
You take 11 damage, and have 50/61 hp.
You now have 15/17 mp.
You slash the orc warrior!
The orc knight hits you but does no damage.
The orc warrior barely misses you.
The orc knight hits you from afar with a +0 halberd!
The orc warrior barely misses you.
You take 10 damage, and have 40/61 hp.
Unknown command.
Okay, then.
You block the orc warrior's attack.
You regained 2 hp, and now have 42/61 hp.
You slice the orc warrior!!
You kill the orc warrior!
Okawaru accepts your kill. The orc knight closely misses you. x2
Your base Armour skill increases to level 7!
You regained 3 hp, and now have 45/61 hp.
Unknown command.
You block the orc knight's attack.
You regained 2 hp, and now have 47/61 hp.
You slice the orc knight!!
The orc knight hits you with a +0 halberd!
You take 13 damage, and have 34/61 hp.
MASSIVE DAMAGE!!
You slice the orc knight!! The orc knight barely misses you.
The orc knight hits you with a +0 halberd!
You take 6 damage, and have 28/61 hp.
You barely miss the orc knight.
The orc knight hits you with a +0 halberd!!
* * * LOW HITPOINT WARNING * * *
You take 16 damage, and have 12/61 hp.
MASSIVE DAMAGE!!
You closely miss the orc knight.
The orc knight hits you with a +0 halberd!
* * * LOW HITPOINT WARNING * * *
The orc knight hits you with a +0 halberd!
You die...

#. [$!!##..#
#..#?[):!$#..#
..#..##..#..#
.#..##..#..# #
#......#..# #.
#e...##..#
#..###++###..#
##...8)...8...##
#....o@........#
#$.##########..#
####


You could see an orc knight and a deep elf pyromancer.

Vanquished Creatures
  Grinder (D:3)
  A wyvern (D:9)
  A steam dragon (D:9)
  2 water moccasins
  A black bear (D:4)
  3 orc warriors
  2 ice beasts (D:5)
  2 centaurs
  An ogre (D:6)
  3 kobold brigands
  2 phantoms (D:5)
  3 scorpions
  A necrophage (D:7)
  A water moccasin zombie (D:5)
  A bullfrog (D:7)
  3 bullfrog zombies (D:5)
  3 hounds
  A centaur skeleton (D:5)
  A gnoll bouda (D:9)
  2 jellies
  A bullfrog skeleton (D:5)
  Ijyb (D:3)
  A scorpion zombie (D:5)
  4 iguanas
  3 orc wizards
  A killer bee zombie (D:5)
  6 adders
  4 gnolls (D:5)
  2 white imps (D:6)
  An ufetubus (D:5)
  2 dart slugs (D:2)
  15 orcs
  6 bats
  4 endoplasms
  4 giant cockroaches
  6 goblins
  7 hobgoblins
  3 jackals (D:4)
  2 quokkas
  6 ball pythons
  A frilled lizard (D:2)
  30 kobolds
145 creatures vanquished.

Vanquished Creatures (others)
  A withered plant (D:5)
1 creature vanquished.

Grand Total: 146 creatures vanquished

Notes
Turn   | Place    | Note
-------+----------+-------------------------------------------
     0 | D:1      | DEFE the Demonspawn Wanderer began the quest for the Orb.
     0 | D:1      | DEFE set off with the following items: a +0 hand axe, a +0
                  | buckler, a potion of invisibility, a +0 robe; and the
                  | following spell memorised: Sting; and the following spells
                  | available to memorise: Poisonous Vapours, Olgreb's Toxic
                  | Radiance.
     0 | D:1      | Reached XP level 1. HP: 16/16 MP: 2/2
   337 | D:1      | Gained mutation: Your movements are slightly less
                  | encumbered by armour. (ER -2) [demonic ancestry]
   337 | D:1      | Reached XP level 2. HP: 22/22 MP: 3/3
   938 | D:2      | Found a faded altar of an unknown god.
   988 | D:2      | Reached XP level 3. HP: 22/27 MP: 4/4
  1628 | D:3      | Found a hide-covered altar of Uskayaw.
  1629 | D:3      | Found an iron altar of Okawaru.
  1642 | D:3      | Became a worshipper of Warmaster Okawaru
  1645 | D:3      | Found an ancient bone altar of Kikubaaqudgha.
  1784 | D:3      | Noticed Ijyb
  1810 | D:3      | Killed Ijyb
  1811 | D:3      | Reached skill level 1 in Invocations
  1811 | D:3      | Gained mutation: Your movements are less encumbered by
                  | armour. (ER -4) [demonic ancestry]
  1811 | D:3      | Reached XP level 4. HP: 12/33 MP: 5/5
  2019 | D:3      | Found a runed translucent door.
  2028 | D:3      | Noticed temitten's ghost (amateur SpEn)
  2093 | D:3      | Noticed Grinder
  2100 | D:3      | Paralysed by Grinder for 3 turns
  2104 | D:3      | Paralysed by Grinder for 5 turns
  2117 | D:3      | Killed Grinder
  2117 | D:3      | Reached * piety under Okawaru
  2118 | D:3      | Reached skill level 4 in Invocations
  2118 | D:3      | Reached XP level 5. HP: 12/38 MP: 5/8
  2118 | D:3      | Reached XP level 6. HP: 14/44 MP: 5/9
  2969 | D:4      | Found a broken altar of Ashenzari.
  3212 | D:4      | Reached skill level 5 in Axes
  3338 | D:4      | Reached skill level 5 in Invocations
  3633 | D:5      | Entered Level 5 of the Dungeon
  3672 | D:5      | Gained mutation: You may rarely emit foul miasma when
                  | damaged in melee. [demonic ancestry]
  3672 | D:5      | Reached XP level 7. HP: 36/50 MP: 10/10
  3928 | D:5      | Reached skill level 6 in Invocations
  4439 | D:5      | Found an opulent altar of Gozag.
  4757 | D:5      | Gained mutation: Your touch may inflict minor irresistible
                  | damage on your foes. [demonic ancestry]
  4757 | D:5      | Reached XP level 8. HP: 39/56 MP: 13/13
  4867 | D:5      | Reached skill level 7 in Invocations
  5401 | D:6      | Reached ** piety under Okawaru
  5971 | D:6      | Found a basalt altar of Yredelemnul.
  5998 | D:6      | Reached skill level 8 in Invocations
  6005 | D:6      | Reached skill level 5 in Armour
  6031 | D:6      | Found a staircase to the Ecumenical Temple.
  6506 | D:6      | Gained mutation: Your natural rate of healing is unusually
                  | fast. [potion of mutation]
  6506 | D:6      | Gained mutation: You heal very quickly. [potion of
                  | mutation]
  6506 | D:6      | Gained mutation: Your muscles are strong. (Str +4, Int/Dex
                  | -1) [potion of mutation]
  6510 | D:6      | Reached skill level 9 in Invocations
  6672 | D:6      | Gained mutation: Your movements are significantly less
                  | encumbered by armour. (ER -6) [demonic ancestry]
  6672 | D:6      | Reached XP level 9. HP: 61/61 MP: 14/16
  6936 | D:7      | DEFE: !rng axe mace unarm
  6936 | D:7      | beem: The RNG chooses: axe.
  6947 | D:7      | You fall into a shaft and drop 2 floors!
  7067 | D:9      | Noticed Amaemon
  7074 | D:9      | Noticed an orange demon
  7123 | D:9      | Reached skill level 10 in Invocations
  7276 | D:7      | Found a flagged portal.
  7285 | Bailey   | Entered a bailey
  7351 | Bailey   | Found a large runed translucent door.
  7351 | Bailey   | Found a large runed translucent door.
  7352 | Bailey   | Noticed a deep elf pyromancer
  7368 | Bailey   | Noticed an orc knight
  7379 | Bailey   | Slain by an orc knight

Illustrated notes

Levels and vault maps discovered:
D:1:      elethiomel_arrival_infinity_welcomes_careful_drivers,
          layout_loops_ring, chequers_serial_rivers_small_a
D:2:      layout_rooms, hellmonk_ecumenical_altar_arch_garden
D:3:      layout_loops_ring, minmay_overflow_temple_star_hex,
          ebering_ghost_sewer_d, minmay_misc_feat_nine_boxes, uniq_ijyb,
          uniq_grinder
D:4:      layout_loops_ring, ashenzari_conservatory_becter,
          chequers_serial_rivers_micro_b, minmay_misc_feat_doors
D:5:      layout_loops_ring, grunt_gozag_statues, serial_undead,
          serial_undead_c, serial_undead_e, serial_undead_e, serial_undead_e,
          serial_undead_d, serial_undead_a, serial_undead_c
D:6:      cheibrodos_thug_alley, layout_gridville, lemuel_tele_altar,
          minmay_temple_entry_mist
D:7:      layout_basic, enter_bailey_2, corexii_hall_statues_s
D:8:      layout_cave_pools, nicolae_shop_dragon_depot, st_stairs_5,
          uniq_maurice
D:9:      minmay_slanted_spiral_squares, layout_irregular_city, orc_0_dummy,
          small_statue_intersection, uniq_amaemon
Bailey:   bailey_polearm_elven_captive_hellmonk, bailey

Skill      XL: |  1  2  3  4  5  6  7  8  9 |
---------------+----------------------------+-----
Axes           | 2 3 4 5 6 |  6.2
Invocations    | 1 4 5 6 9 10 | 10.9
Armour         | 2 3 5 7 |  7.0
Fighting       | |  2.0
Dodging        | |  1.0
Shields        | |  1.7
Spellcasting   | |  1.0
Poison Magic   | |  2.0

Action                     |  1- 3 |  4- 6 |  7- 9 || total
---------------------------+-------+-------+-------++-------
  Melee: Hand axe          |   145 |       |       ||   145
         Short sword       |    22 |   155 |   479 ||   656
         Broad axe         |       |       |    12 ||    12
  Throw: Throwing net      |       |       |     1 ||     1
 Invoke: Heroism           |       |     2 |     6 ||     8
  Evoke: Wand              |       |       |    14 ||    14
    Use: Potion            |       |     2 |     4 ||     6
         Scroll            |       |     5 |     5 ||    10
   Stab: Sleeping          |     1 |       |     2 ||     3
         Invisible         |       |     2 |       ||     2
 Armour: Robe              |    41 |       |       ||    41
         Scale mail        |     5 |       |       ||     5
         Chain mail        |       |    80 |   352 ||   432
  Dodge: Dodged            |    96 |    65 |   301 ||   462
  Block: Buckler           |    23 |    22 |   120 ||   165

Table legend: (Time is in decaauts)
 A = Elapsed time spent in this place.
 B = Non-inter-level travel time spent in this place.
 C = Inter-level travel time spent in this place.
 D = Time resting spent in this place.
 E = Time spent auto-exploring this place.
 F = Levels seen in this place.
 G = Mean time per level.
                   A        B        C        D        E       F      G
               +--------+--------+--------+--------+--------+-----+--------+
         Total |   7430 |   7214 |    216 |   2211 |   3216 |  10 |  743.0 |
       Dungeon |   7327 |   7111 |    216 |   2199 |   3159 |   9 |  814.1 |
        Bailey |    102 |    102 |      0 |     12 |     57 |   1 |  102.0 |
               +--------+--------+--------+--------+--------+-----+--------+

Top non-repeatable levels by time:
     D:5: 1695 daAuts
     D:6: 1549 daAuts
     D:3: 1100 daAuts
     D:1: 1029 daAuts
     D:4: 1019 daAuts
     D:2: 570 daAuts
     D:9: 262 daAuts
  Bailey: 102 daAuts
     D:7: 70 daAuts
     D:8: 30 daAuts
